 Dungeon Crawl Stone Soup version 0.25-a0-167-g836c352ace (webtiles) character file.

Game seed: 15257431952553810155, levelgen mode: deterministic

437284 vurker the Lord of Darkness (level 22, -29/195 HPs)
             Began as a Demonspawn Necromancer on Nov 25, 2019.
             Was the Champion of Kikubaaqudgha.
             Shot with a bolt by a yaktaur captain (31 damage)
             ... on level 5 of the Vaults.
             The game lasted 03:58:13 (111460 turns).

vurker the Lord of Darkness (DsNe)                Turns: 111460, Time: 03:58:13

Health: -29/195    AC: 14    Str:  9    XL:     22   Next: 95%
Magic:  0/43       EV: 16    Int: 32    God:    Kikubaaqudgha [******]
Gold:   2256       SH:  9    Dex: 12    Spells: 9/56 levels left

rFire    + + .     SeeInvis +   a - +6 demon trident (vamp)
rCold    + + +     Gourm    +   h - +3 buckler {rC+ rF+}
rNeg     . . .     Faith    .   X - +3 leather armour {MR+}
rPois    +         Spirit   +   (helmet unavailable)
rElec    .         Reflect  .   B - +1 cloak {rPois}
rCorr    .         Harm     .   F - +1 pair of gloves {archery}
MR       ++...                  y - +0 pair of boots "Kafuohee" {rC+ Int+5 Dex-5 SInv}
Stlth    ++........             i - amulet of the gourmand
HPRegen  1.42/turn              J - ring of wizardry
MPRegen  0.56/turn              I - ring of Ywoirups {rPois rF+ rC+ Dex+4 Stlth-}

@: death channel, marked, regenerating, drained
A: horns 3, slimy green scales 2, nightstalker 2, robust 1, magic shield, magic
regeneration, magic link
}: 2/15 runes: decaying, gossamer
a: Receive Corpses, Torment, Renounce Religion


You were on level 5 of the Vaults.
You worshipped Kikubaaqudgha.
Kikubaaqudgha was exalted by your worship.
You were not hungry.

You visited 9 branches of the dungeon, and saw 45 of its levels.
You visited 1 bazaar.

You collected 4813 gold pieces.
You spent 2557 gold pieces at shops.

Inventory:

Hand Weapons
 a - a +6 vampiric demon trident (weapon)
   (You took it off Asterion on level 1 of the Spider Nest)
 m - the +5 demon trident of Contention {pierce, -Tele MR+ Str+2 Dex+3}
   (You took it off a deep elf mage on level 3 of the Elven Halls)

   It inflicts extra damage upon your enemies.
   It affects your strength (+2).
   It affects your dexterity (+3).
   It affects your resistance to hostile enchantments.
   It prevents most forms of teleportation.
Missiles
 O - 7 throwing nets (quivered)
Armour
 h - a +3 buckler of resistance (worn)
   (You took it off a tengu warrior on level 13 of the Dungeon)
 w - a +0 cloak of magic resistance
   (You took it off a draconian scorcher on level 5 of the Depths)
 y - the +0 pair of boots "Kafuohee" (worn) {rC+ Int+5 Dex-5 SInv}
   (You found it on level 3 of the Depths)

   It affects your intelligence (+5).
   It affects your dexterity (-5).
   It protects you from cold.
   It lets you see invisible.
 B - a +1 cloak of poison resistance (worn)
   (You took it off Nikola on level 2 of the Spider Nest)
 F - a +1 pair of gloves of archery (worn)
   (You bought it in a shop on level 2 of the Orcish Mines)
 L - a +2 pair of boots
   (You found it on level 1 of the Elven Halls)
 P - the +4 faerie dragon scales {rC+ rCorr}
   (You took it off the Enchantress on level 4 of the Depths)

   It protects you from cold.
   It provides partial protection from all sources of acid and corrosion.
 V - a +2 buckler of protection
   (You took it off the Enchantress on level 4 of the Depths)
 X - a +3 leather armour of magic resistance (worn)
   (You took it off a deep elf sorcerer on level 3 of the Elven Halls)
Magical Staves
 b - an uncursed staff of power
   (You found it on level 1 of the Depths)
Jewellery
 i - an amulet of the gourmand (around neck)
   (You found it on level 1 of the Dungeon)
 z - an uncursed ring of protection from magic
   (You found it on level 6 of the Lair of Beasts)
 A - an uncursed ring of see invisible
   (You found it on level 10 of the Dungeon)
 I - the ring of Ywoirups (right hand) {rPois rF+ rC+ Dex+4 Stlth-}
   (You bought it in a shop on level 1 of the Elven Halls)

   [ring of attention]

   It affects your dexterity (+4).
   It protects you from fire.
   It protects you from cold.
   It protects you from poison.
   It makes you less stealthy.
 J - a ring of wizardry (left hand)
   (You found it on level 10 of the Dungeon)
 K - an uncursed ring of resist corrosion
   (You found it on level 9 of the Dungeon)
 W - an uncursed ring of positive energy
   (You found it on level 12 of the Dungeon)
Wands
 c - a wand of disintegration (35)
   (You found it on level 1 of the Lair of Beasts)
 d - a wand of iceblast (14)
   (You took it off a deep elf mage on level 3 of the Elven Halls)
 l - a wand of clouds (4)
   (You found it on level 7 of the Dungeon)
 t - a wand of flame (77)
   (You found it on level 2 of the Lair of Beasts)
 u - a wand of paralysis (41)
   (You found it on level 12 of the Dungeon)
 v - a wand of digging (5)
   (You took it off a tengu warrior on level 5 of the Depths)
Scrolls
 k - a scroll of enchant armour
 o - 5 scrolls of amnesia
 p - 4 scrolls of magic mapping
 q - 25 scrolls of remove curse
 s - 4 scrolls of teleportation
 Q - 13 scrolls of identify
 R - 8 scrolls of fog
 S - 6 scrolls of immolation
 T - a scroll of summoning
Potions
 f - 6 potions of resistance
 g - 8 potions of flight
 j - 6 potions of haste
 r - 6 potions of curing
 x - a potion of heal wounds
 C - a potion of might
 D - 8 potions of brilliance
 E - 5 potions of ambrosia
 G - a potion of lignification
 M - 2 potions of magic
 N - 7 potions of mutation
 U - 2 potions of cancellation
Comestibles
 e - 53 rations


   Skills:
 + Level 16.2(14.6) Fighting
 * Level 13.0(11.6) Polearms
 + Level 10.8(9.5) Dodging
 - Level 1.7(0.7) Stealth
 - Level 10.8(9.4) Shields
 * Level 17.8(16.3) Spellcasting
 - Level 10.0(8.6) Conjurations
 - Level 5.0(3.8) Summonings
 * Level 23.5(21.8) Necromancy
 - Level 5.0(3.8) Ice Magic
 - Level 5.0(3.8) Earth Magic


You had 9 spell levels left.
You knew the following spells:

 Your Spells              Type           Power        Failure   Level  Hunger
a - Bolt of Draining      Conj/Necr      #######...   1%          5    None
b - Dispel Undead         Necr           ########     0%          5    None
c - Simulacrum            Ice/Necr       #######...   1%          6    ##.....
d - Haunt                 Necr/Summ      #######...   4%          7    ####...
e - Death Channel         Necr           ########..   1%          6    ##.....
q - Regeneration          Chrm/Necr      #######...   1%          3    None
w - Sublimation of Blood  Necr           ########..   0%          2    None
x - Infestation           Necr           ########..   1%          8    ######.
z - Borgnjor's Vile Clut  Necr/Erth      #######...   1%          5    None

Your spell library contained the following spells:

 Spells                   Type           Power        Failure   Level  Hunger
 Animate Skeleton         Necr           N/A          0%          1    None
 Pain                     Necr           ####         0%          1    None
 Corpse Rot               Necr           N/A          0%          2    None
 Vampiric Draining        Necr           ########..   0%          3    None
 Animate Dead             Necr           N/A          0%          4    None
 Agony                    Necr           ########     0%          5    None
 Apportation              Tloc           ####..       1%          1    None
 Beastly Appendage        Tmut           ####..       1%          1    None
 Corona                   Hex            ####...      1%          1    None
 Freeze                   Ice            ####         1%          1    None
 Infusion                 Chrm           ####         1%          1    None
 Magic Dart               Conj           ####         1%          1    None
 Shock                    Conj/Air       ####         1%          1    None
 Summon Butterflies       Summ           ######..     1%          1    None
 Blink                    Tloc           N/A          1%          2    None
 Ensorcelled Hibernation  Hex/Ice        #####.       1%          2    None
 Searing Ray              Conj           ######       1%          2    None
 Shroud of Golubria       Chrm/Tloc      ####..       1%          2    None
 Slow                     Hex            ####....     1%          2    None
 Song of Slaying          Chrm           ####....     1%          2    None
 Sticks to Snakes         Tmut           ####....     1%          2    None
 Swiftness                Chrm/Air       ####....     1%          2    None
 Call Canine Familiar     Summ           ######..     1%          3    None
 Dazzling Spray           Conj/Hex       ######       1%          3    None
 Recall                   Summ/Tloc      N/A          1%          3    None
 Static Discharge         Conj/Air       ######..     1%          3    None
 Stone Arrow              Conj/Erth      ######       1%          3    None
 Summon Guardian Golem    Hex/Summ       #####...     1%          3    None
 Force Lance              Conj/Tloc      ######..     1%          4    None
 Fulminant Prism          Conj/Hex       ######....   1%          4    None
 Iskenderun's Mystic Bla  Conj           ######..     1%          4    None
 Summon Ice Beast         Ice/Summ       ######..     1%          4    None
 Excruciating Wounds      Chrm/Necr      #######...   1%          5    None
 Borgnjor's Revivificati  Necr           ########..   1%          8    ######.
 Confuse                  Hex            ####....     2%          3    None
 Gell's Gravitas          Tloc           ####......   2%          3    None
 Inner Flame              Hex/Fire       ####....     2%          3    None
 Lesser Beckoning         Tloc           ####......   2%          3    None
 Portal Projectile        Hex/Tloc       ####..       2%          3    None
 Spectral Weapon          Hex/Chrm       ####....     2%          3    None
 Spider Form              Tmut/Pois      ####......   2%          3    None
 Teleport Other           Tloc           ####....     2%          3    None
 Tukima's Dance           Hex            ####....     2%          3    None
 Ice Form                 Ice/Tmut       #####...     4%          4    None
 Leda's Liquefaction      Hex/Erth       #####.....   4%          4    None
 Summon Lightning Spire   Summ/Air       #####...     4%          4    None
 Bolt of Magma            Conj/Fire/Erth ######....   4%          5    None
 Iskenderun's Battlesphe  Conj/Chrm      ######..     4%          5    None
 Lightning Bolt           Conj/Air       ######....   4%          5    None
 Venom Bolt               Conj/Pois      ######....   4%          5    None
 Airstrike                Air            ####......   9%          4    None
 Cause Fear               Hex            ####......   9%          4    None
 Passage of Golubria      Tloc           N/A          9%          4    None
 Bolt of Cold             Conj/Ice       ######....   11%         6    ##.....
 Iron Shot                Conj/Erth      ######....   11%         6    ##.....
 Summon Forest            Summ/Tloc      #####.....   12%         5    None
 Summon Mana Viper        Hex/Summ       #####...     12%         5    None
 Orb of Destruction       Conj           ######....   21%         7    ####...
 Conjure Ball Lightning   Conj/Air       ######....   24%         6    ##.....
 Alistair's Intoxication  Tmut/Pois      ####....     26%         5    None
 Blade Hands              Tmut           ####......   26%         5    None
 Silence                  Hex/Air        ####......   26%         5    None
 Shadow Creatures         Summ           N/A          26%         6    ##.....
 Spellforged Servitor     Conj/Summ      ######....   47%         7    ####...
 Death's Door             Chrm/Necr      #######...   52%         8    ######.
 Necromutation            Tmut/Necr      #######...   52%         8    ######.
 Deflect Missiles         Chrm/Air       ####......   77%         6    ##.....
 Dispersal                Tloc           ####......   77%         6    ##.....
 Hydra Form               Tmut           ####......   77%         6    ##.....
 Invisibility             Hex            ####....     77%         6    ##.....
 Summon Hydra             Summ           ######....   80%         7    ####...
 Ignition                 Fire           ####......   100%        8    ######.
 Shatter                  Erth           ######....   100%        9    #######
 Tornado                  Air            ####......   100%        9    #######


Dungeon Overview and Level Annotations

Branches:
Dungeon (15/15)            Temple (1/1) D:5            Lair (6/6) D:9
  Swamp (4/4) Lair:3       Spider (4/4) Lair:4        Slime (0/5) Lair:6
    Orc (2/2) D:12            Elf (3/3) Orc:2        Vaults (5/5) D:13
  Crypt (0/3) Vaults:2     Depths (5/5) D:15            Zot (0/5) Depths:5

Altars:
Ashenzari
Fedhas
Gozag
Kikubaaqudgha
Makhleb
Qazlal
Ru
Trog
Uskayaw
Wu Jian
Yredelemnul
Zin
Beogh

Shops:
D:8 ?}   Orc:2 [(![   Elf:1 =(!   Elf:2 }   Elf:3 *   Vaults:3 *   Vaults:4 [

Portals:
Hell: Depths:1 Depths:2 Depths:3 Depths:4 Depths:5
Abyss: Depths:3 Depths:4
Pandemonium: Depths:1 Depths:3
Ziggurat: Depths:3

Annotations:
Lair:4 1 runed translucent door
Lair:6 1 runed translucent door, bmj180's ghost, journeyman DrFE
Spider:2 1 runed translucent door
Elf:2 3 runed translucent doors
Depths:2 1 runed translucent door
Depths:4 1 runed translucent door


Innate Abilities, Weirdness & Mutations

You have a pair of large horns on your head.
You are mostly covered in slimy green scales. (AC +3)
You are significantly more attuned to the shadows.
You are robust. (+10% HP)
When hurt, damage is shared between your health and your magic reserves.
You regenerate magic rapidly.
When low on magic, you restore magic in place of health.


Message History

* * * LOW HITPOINT WARNING * * *
The iron dragon tramples you but does no damage.
The sphinx hits you!
* * * LOW HITPOINT WARNING * * *
You block the sphinx's attack. The sphinx closely misses you.
You block the white very ugly thing's attack.
The vault sentinel blows a loud note on a signal horn!
You see here 2 large rocks.
Unknown command.
Okay, then.
A war gargoyle comes into view. It is wielding a +0 morningstar.
Your surroundings suddenly seem different.
The vault warden hits you with a battleaxe!
* * * LOW HITPOINT WARNING * * *
A two-headed ogre comes into view. It is wielding two +0 giant clubs.
An ettin comes into view. It is wielding two +0 dire flails.
The war gargoyle moves out of view.
A vault warden comes into view.
It is wielding a +0 battleaxe and wearing a +0 plate armour of cold resistance.
As you read the scroll of teleportation, it crumbles to dust.
You feel strangely unstable.
An ogre mage comes into view. It is wielding a +0 flail.
The vault warden misses you.
A hell knight comes into view. It is wielding a +5 demon whip.
Unknown command.
A shadow dragon comes into view.
A deep elf mage and a vault warden come into view.
The vault warden activates a sealing rune.
Your surroundings suddenly seem different.
The yaktaur captain wields a +0 arbalest.
The yaktaur captain shoots a bolt.
The bolt hits you!!
* * * LOW HITPOINT WARNING * * *
You block the swamp dragon's attack.
The swamp dragon claws you but does no damage.
The swamp dragon barely misses you.
Found a bolt.
A swamp dragon comes into view.
Your skin crawls.
The swamp dragon bites you.
* * * LOW HITPOINT WARNING * * *
You block the swamp dragon's attack. The swamp dragon barely misses you.
Okay, then.
You feel better.
The yaktaur captain shoots a bolt.
The bolt hits you!!
* * * LOW HITPOINT WARNING * * *
The ironbrand convoker begins to recite a word of recall!
The swamp dragon closely misses you. You block the swamp dragon's attack.
The swamp dragon closely misses you.
Okay, then.
The swamp dragon changes into a manticore!
The yaktaur captain shoots a bolt.
The bolt hits you!!
You die...
Kikubaaqudgha rasps: "You have failed me!
Welcome... death!"

#..# #Ce#
#.C#
#C.#...
#p.#.C#
#cC#..#
#s.#..#
#..#..#####
#.p#.@.....
#.c.(......
#..H..#####
## #.......
..
#.........
..
#...e.....
..
#.........
.. ##


You could see a titan, a yaktaur captain, a deep elf death mage and a manticore
shaped shifter.

Vanquished Creatures
  2 golden dragons (Depths:3)
  the Enchantress (Depths:4)
  2 tentacled monstrosities
  3 liches
  2 deep elf blademasters (Elf:3)
  A deep elf master archer (Elf:3)
  A quicksilver dragon (Vaults:5)
  4 sphinxes
  Gastronok (Lair:1)
  A shadow dragon (Depths:3)
  A tengu reaver (Depths:4)
  Roxanne (Spider:2)
  3 thorn hunters
  A storm dragon (D:12)
  Agnes (Elf:2)
  Donald (Spider:3)
  7 frost giants
  3 deep elf sorcerers
  6 fire giants
  5 vault wardens
  2 deep elf elementalists (Elf:3)
  A balrug (Depths:4)
  5 emperor scorpions
  A ghost moth (Spider:3)
  3 ironheart preservers (Vaults:3)
  3 orc warlords
  7 spriggan defenders
  An entropy weaver (Vaults:1)
  4 deep elf demonologists
  5 very ugly things
  A red draconian (Depths:5)
  9 stone giants
  3 vampire knights
  A deep elf annihilator (Elf:3)
  A yellow draconian (Depths:5)
  3 spark wasps
  A crystal guardian (Vaults:4)
  8 ettins
  3 deep elf death magi (Elf:3)
  A blizzard demon (Depths:2)
  3 ogre magi
  3 yaktaur captains
  9 fire dragons
  A deep elf high priest (Elf:3)
  5 great orbs of eyes
  8 ice dragons
  14 hydras
  15 vault guards
  2 spriggan air magi
  4 rakshasas
  2 centaur warriors
  A shambling mangrove (Swamp:2)
  An anaconda (shapeshifter) (Depths:4)
  A quicksilver dragon skeleton (Depths:4)
  3 deep troll shamans
  4 dancing weapons
  4 alligators
  9 two-headed ogres
  A deep troll earth mage (Depths:1)
  5 tengu warriors
  4 orc high priests
  A death knight (D:15)
  16 hell knights
  4 spriggan berserkers
  2 vampire magi
  Sonja (Lair:1)
  5 deep elf knights
  6 skeletal warriors
  A fire crab (shapeshifter) (Elf:3)
  2 shadow wraiths
  5 glowing orange brains
  7 swamp dragons (Swamp:4)
  4 unseen horrors
  An unseen horror (shapeshifter) (Vaults:2)
  4 flayed ghosts
  10 deep elf archers
  4 necromancers
  6 wizards
  A sphinx zombie (Depths:4)
  4 deep trolls
  9 ironbrand convokers
  2 phantasmal warriors (Depths:3)
  6 orc knights
  22 wolf spiders
  29 deep elf magi
  2 orc sorcerers
  A manticore (shapeshifter) (Vaults:1)
  12 ugly things
  2 cyclopes (Vaults:2)
  8 orb spiders
  4 elephants
  An ice statue (D:15)
  A salamander (Depths:4)
  8 vault sentinels
  Joseph (D:7)
  2 moths of wrath
  4 black mambas
  A torpor snail (Lair:3)
  2 gargoyles
  A spiny frog (shapeshifter) (Vaults:2)
  16 spiny frogs
  3 centaur skeletons
  3 rime drakes
  4 demonic crawlers
  3 freezing wraiths
  2 tengu conjurers
  2 kobold demonologists
  18 yaktaurs
  A yaktaur (shapeshifter) (Vaults:3)
  A hellwing (Depths:2)
  8 komodo dragons
  8 trolls
  A polar bear (Lair:4)
  A meliai (shapeshifter) (Vaults:4)
  8 tyrant leeches
  15 jumping spiders
  18 hornets
  A hippogriff (shapeshifter) (Vaults:3)
  A raiju (shapeshifter) (D:15)
  3 bog bodies
  9 blink frogs
  25 slime creatures
  A meliai zombie (D:13)
  12 hippogriffs
  12 dream sheep
  10 spriggans
  A vampire (D:13)
  6 water elementals
  9 wyverns
  41 redbacks
  A shadow (Vaults:2)
  A wraith (Vaults:2)
  Sigmund (D:2)
  52 yaks
  15 tarantellas
  A golden eye (shapeshifter) (Depths:4)
  A human (D:13)
  A human (shapeshifter) (Depths:1)
  12 vampire mosquitoes
  3 basilisks (Lair:6)
  2 steam dragons (Lair:6)
  6 wargs
  16 swamp worms
  2 insubstantial wisps
  A large abomination (Depths:3)
  A swamp worm (shapeshifter) (Depths:5)
  3 hell hounds (Lair:6)
  4 acid dragons
  8 porcupines
  A floating eye (Depths:3)
  16 water moccasins
  3 sky beasts
  44 orc warriors
  13 swamp drakes
  2 ice beasts
  2 phantoms
  A hornet zombie (D:13)
  4 black bears
  15 wolves
  An eye of draining (D:9)
  4 boggarts
  A necrophage (D:14)
  18 ogres
  12 crocodiles
  A small abomination (Depths:3)
  12 centaurs
  4 big kobolds
  3 gnoll sergeants
  15 bullfrogs
  2 earth elementals (Elf:1)
  A glowing shapeshifter simulacrum (Vaults:2)
  A wyvern skeleton (D:14)
  6 scorpions
  3 killer bees (D:7)
  5 wights (D:12)
  8 electric eels
  9 howler monkeys
  5 lava snakes (Lair:6)
  4 crimson imps
  2 centaur zombies
  5 jellies
  10 hounds
  Crazy Yiuf (D:4)
  2 gnoll shamans
  17 orc priests
  25 orc wizards
  Terence (D:2)
  4 iguanas
  Natasha (twice) (D:4)
  9 worker ants
  2 hound zombies
  A hound skeleton (D:5)
  Robin (D:4)
  16 gnolls
  11 adders
  3 shadow imps
  A white imp (Vaults:4)
  2 adder skeletons
  4 worms
  6 leopard geckos
  98 orcs
  11 bats
  3 giant cockroaches
  14 goblins
  11 hobgoblins
  13 jackals
  5 quokkas
  A ball python (D:3)
  5 frilled lizards
  A jackal skeleton (D:4)
  11 kobolds
  A quokka zombie (D:9)
  15 rats
  3 fungi
  2 plants
1320 creatures vanquished.

Vanquished Creatures (collateral kills)
  Mara (Vaults:4)
  the Lernaean hydra (Swamp:4)
  A golden dragon (Depths:1)
  Nikola (Spider:2)
  Arachne (Spider:4)
  Jorgrun (Spider:3)
  A tentacled monstrosity (Depths:4)
  Asterion (Spider:1)
  3 liches
  A deep elf master archer (Elf:3)
  4 sphinxes
  A thorn hunter (Swamp:3)
  A storm dragon (Vaults:1)
  4 shadow dragons
  A fire giant (Depths:1)
  6 vault wardens
  A deep elf sorcerer (Elf:3)
  A draconian scorcher (Depths:5)
  A draconian shifter (Depths:5)
  A deep elf elementalist (Elf:3)
  Louise (Swamp:3)
  5 frost giants
  3 ghost moths
  A spriggan defender (Depths:4)
  An emperor scorpion (Spider:4)
  7 ironheart preservers
  15 stone giants
  A vampire knight (Depths:1)
  3 entropy weavers
  6 very ugly things
  3 purple draconians (Depths:5)
  4 deep elf demonologists
  4 deep elf annihilators (Elf:3)
  A white draconian (Depths:5)
  2 spark wasps
  A blizzard demon (Depths:2)
  3 deep elf death magi
  3 ettins
  6 fire dragons
  6 yaktaur captains
  6 hydras
  Josephine (Orc:1)
  4 rakshasas
  15 vault guards
  4 ice dragons
  6 great orbs of eyes
  A hydra (shapeshifter) (Depths:1)
  A death knight (Vaults:2)
  3 spriggan air magi
  2 shambling mangroves
  A ghost crab (Swamp:4)
  4 centaur warriors
  12 two-headed ogres
  7 alligators
  3 tengu warriors
  4 deep troll shamans
  2 deep troll earth magi
  8 ogre magi
  9 dancing weapons
  2 spriggan berserkers
  6 deep elf knights
  2 skeletal warriors (D:13)
  3 iron trolls
  2 sea snakes (shapeshifter)
  2 large abominations (Depths:3)
  13 hell knights
  2 spriggan druids
  A shadow wraith (Vaults:4)
  3 glowing orange brains
  11 deep trolls
  3 swamp dragons
  2 unseen horrors
  9 ironbrand convokers
  A wizard (Vaults:3)
  11 deep elf archers
  A lindwurm (Lair:6)
  3 necromancers
  5 orc knights
  A manticore (D:13)
  An iron dragon zombie (Depths:4)
  21 deep elf magi
  16 wolf spiders
  A faun (shapeshifter) (Depths:3)
  10 orb spiders
  A cyclops (Vaults:1)
  26 ugly things
  A centaur zombie (D:15)
  A frost giant skeleton (Vaults:2)
  2 vault sentinels
  6 torpor snails
  A black mamba (Lair:6)
  2 molten gargoyles (Lair:6)
  An orange demon (Depths:2)
  A torpor snail (shapeshifter) (Vaults:2)
  4 spiny frogs
  A yaktaur (shapeshifter) (Vaults:5)
  2 efreet
  4 kobold demonologists
  2 freezing wraiths
  A komodo dragon (Lair:6)
  12 demonic crawlers
  23 yaktaurs
  2 tengu conjurers
  A rime drake (Lair:6)
  A meliai (shapeshifter) (Depths:3)
  A jumping spider (shapeshifter) (Vaults:3)
  24 jumping spiders
  8 tyrant leeches
  A queen bee (shapeshifter) (Depths:2)
  4 hornets
  14 slime creatures
  5 blink frogs (Swamp:2)
  A slime creature (shapeshifter) (Vaults:2)
  2 hippogriffs (shapeshifter)
  3 bog bodies
  A hippogriff (D:13)
  4 spriggans
  An air elemental (Elf:1)
  44 redbacks
  A ynoxinul (Depths:2)
  2 shadows
  14 tarantellas
  A tarantella (shapeshifter) (Depths:4)
  A hog (shapeshifter) (Depths:2)
  5 wraiths
  3 fire elementals
  2 neqoxecs (Depths:2)
  6 yaks
  5 chaos spawn (Depths:3)
  12 vampire mosquitoes
  20 insubstantial wisps
  4 swamp worms
  3 acid dragons
  2 swamp drakes
  A human zombie (Vaults:2)
  A water moccasin (Lair:3)
  A hornet zombie (D:13)
  A black bear (shapeshifter) (Depths:5)
  8 orc warriors
  4 boggarts
  11 ogres
  7 centaurs
  2 phantoms
  A bullfrog (D:12)
  2 earth elementals (Elf:3)
  A wyvern zombie (D:6)
  A human skeleton (Vaults:2)
  3 small abominations (Depths:3)
  2 crimson imps
  3 orc priests
  2 hounds
  5 centaur skeletons
  An iguana (D:13)
  2 orc wizards
  A hound zombie (D:11)
  A white imp (Depths:1)
  An adder skeleton (D:5)
  14 orcs
  A ball python (D:6)
  4 kobolds
  A quokka skeleton (D:8)
  9 plants (Depths:2)
714 creatures vanquished.

Vanquished Creatures (others)
  An ogre mage (Vaults:1)
  A deep elf mage (Elf:1)
  A ynoxinul (Depths:2)
  A redback (Vaults:5)
  A briar patch (Swamp:4)
  22 fungi
  37 plants
  8 toadstools (Lair:4)
72 creatures vanquished.

Grand Total: 2106 creatures vanquished

Notes
Turn   | Place    | Note
-------+----------+-------------------------------------------
     0 | D:1      | vurker the Demonspawn Necromancer began the quest for the
                  | Orb.
     0 | D:1      | Reached XP level 1. HP: 13/13 MP: 3/3
     2 | D:1      | Learned a level 1 spell: Animate Skeleton
   831 | D:1      | Gained mutation: You are partially covered in slimy green
                  | scales. (AC +2) [demonic ancestry]
   831 | D:1      | Reached XP level 2. HP: 20/20 MP: 3/5
  1537 | D:2      | Reached skill level 1 in Fighting
  1626 | D:2      | Noticed Sigmund
  1646 | D:1      | Gained mutation: You have a pair of small horns on your
                  | head. [demonic ancestry]
  1646 | D:1      | Reached XP level 3. HP: 22/26 MP: 1/6
  1727 | D:2      | Noticed Terence
  1741 | D:2      | Killed Terence
  1741 | D:2      | Reached skill level 5 in Necromancy
  2209 | D:2      | Gained mutation: You are slightly more attuned to the
                  | shadows. [demonic ancestry]
  2209 | D:2      | Reached XP level 4. HP: 28/32 MP: 1/8
  2279 | D:2      | Killed Sigmund
  2279 | D:2      | Reached XP level 5. HP: 26/38 MP: 0/10
  2573 | D:2      | Reached skill level 6 in Necromancy
  2933 | D:2      | Learned a level 3 spell: Vampiric Draining
  2938 | D:2      | Learned a level 4 spell: Animate Dead
  3902 | D:3      | Reached XP level 6. HP: 42/45 MP: 6/11
  4047 | D:3      | Learned a level 3 spell: Regeneration
  5053 | D:4      | Found a runed translucent door.
  5054 | D:4      | Noticed Crazy Yiuf
  5108 | D:4      | Noticed Natasha
  5114 | D:4      | Killed Natasha
  5372 | D:4      | Noticed Robin
  5377 | D:4      | Killed Robin
  5669 | D:4      | Killed Crazy Yiuf
  5669 | D:4      | Reached skill level 1 in Shields
  6006 | D:4      | Noticed Natasha
  6009 | D:4      | Killed Natasha
  6093 | D:5      | Entered Level 5 of the Dungeon
  6093 | D:5      | Found a staircase to the Ecumenical Temple.
  6098 | D:5      | Reached XP level 7. HP: 35/52 MP: 7/13
  6110 | Temple   | Entered the Ecumenical Temple
  6239 | Temple   | Became a worshipper of Kikubaaqudgha
  6442 | D:5      | Reached skill level 7 in Necromancy
  6881 | D:5      | Found a blossoming altar of Fedhas.
  7075 | D:5      | Reached skill level 5 in Spellcasting
  7882 | D:6      | Reached XP level 8. HP: 31/58 MP: 0/15
  8406 | D:6      | Reached * piety under Kikubaaqudgha
  8406 | D:6      | Identified Kikubaaqudgha's Incunabulum of Stolen Souls
                  | (Kikubaaqudgha gifted it to you on level 6 of the Dungeon)
  8406 | D:6      | Received a gift from Kikubaaqudgha
  8413 | D:6      | Learned a level 2 spell: Sublimation of Blood
  8837 | D:6      | Found a sacrificial altar of Ru.
  9074 | D:6      | Reached skill level 8 in Necromancy
  9746 | D:7      | Found an ancient bone altar of Kikubaaqudgha.
 10088 | D:7      | Noticed Joseph
 10109 | D:7      | Killed Joseph
 10109 | D:7      | Reached skill level 9 in Necromancy
 10109 | D:7      | Reached XP level 9. HP: 27/67 MP: 3/19
 10610 | D:7      | Reached skill level 5 in Fighting
 11251 | D:8      | Found Zeureq's Gadget Emporium.
 13036 | D:8      | Found Dyn Wosi's Magic Scroll Boutique.
 13533 | D:7      | Reached skill level 10 in Necromancy
 13683 | D:7      | Reached ** piety under Kikubaaqudgha
 14982 | D:8      | Found a sacrificial altar of Ru.
 14982 | D:8      | Found a basalt altar of Yredelemnul.
 15157 | D:9      | Reached XP level 10. HP: 62/76 MP: 7/22
 15501 | D:9      | Found a staircase to the Lair.
 16127 | D:9      | Noticed a deep elf mage
 16169 | D:9      | Killed a deep elf mage
 16354 | D:9      | Reached skill level 11 in Necromancy
 16911 | D:9      | Noticed a two-headed hydra
 16945 | D:9      | Killed a two-headed hydra
 16947 | D:9      | Reached *** piety under Kikubaaqudgha
 16947 | D:9      | Identified Kikubaaqudgha's Collected Works on Darkness
                  | (Kikubaaqudgha gifted it to you on level 9 of the Dungeon)
 16947 | D:9      | Received a gift from Kikubaaqudgha
 16957 | D:9      | Learned a level 5 spell: Bolt of Draining
 16963 | D:9      | Learned a level 5 spell: Borgnjor's Vile Clutch
 17080 | D:8      | Bought a scroll of identify for 28 gold pieces
 17080 | D:8      | Bought a scroll of identify for 28 gold pieces
 17082 | D:8      | Bought a scroll of amnesia for 49 gold pieces
 17082 | D:8      | Bought a scroll of identify for 28 gold pieces
 17082 | D:8      | Bought a scroll of identify for 28 gold pieces
 17082 | D:8      | Bought a scroll of identify for 28 gold pieces
 17166 | D:10     | Entered Level 10 of the Dungeon
 17616 | D:10     | Reached skill level 1 in Conjurations
 17883 | D:10     | Reached skill level 1 in Earth Magic
 18864 | D:10     | Reached XP level 11. HP: 57/84 MP: 10/24
 19677 | D:11     | Noticed an unseen horror
 19699 | D:11     | Killed an unseen horror
 19699 | D:11     | Reached skill level 12 in Necromancy
 20488 | Lair:1   | Entered Level 1 of the Lair of Beasts
 21082 | Lair:1   | Reached skill level 10 in Spellcasting
 21092 | Lair:1   | Reached **** piety under Kikubaaqudgha
 21713 | Lair:1   | Noticed Sonja
 21715 | Lair:1   | Killed Sonja
 22321 | Lair:1   | Noticed Gastronok
 22434 | Lair:1   | Killed Gastronok
 22789 | Lair:2   | Reached skill level 5 in Conjurations
 22789 | Lair:2   | Reached XP level 12. HP: 71/92 MP: 1/26
 22919 | Lair:2   | Got a scorched war axe
 22920 | Lair:2   | Identified the cursed +0 war axe "Goohab" {venom, rPois
                  | Int+4} (You found it on level 2 of the Lair of Beasts)
 23628 | Lair:2   | Got a bloodstained scale mail
 23718 | Lair:2   | Identified the cursed +0 scale mail "Bafi" {rN+ Int+4} (You
                  | found it on level 2 of the Lair of Beasts)
 23931 | Lair:2   | Reached skill level 5 in Earth Magic
 24360 | Lair:2   | Noticed a four-headed hydra
 24364 | Lair:2   | Killed a four-headed hydra
 24577 | Lair:3   | Reached skill level 13 in Necromancy
 24784 | Lair:3   | Learned a level 6 spell: Simulacrum
 24803 | Lair:3   | Noticed an eight-headed hydra
 24807 | Lair:3   | Killed an eight-headed hydra
 24846 | Lair:3   | Noticed a six-headed hydra
 24854 | Lair:3   | Killed a six-headed hydra
 25115 | Lair:3   | Reached skill level 1 in Ice Magic
 25831 | Lair:3   | Found a staircase to the Swamp.
 26002 | Lair:3   | Noticed an eight-headed hydra
 26005 | Lair:3   | Killed an eight-headed hydra
 26163 | Lair:3   | Reached ***** piety under Kikubaaqudgha
 26969 | Lair:4   | Found a hole to the Spider Nest.
 27502 | Lair:4   | Gained mutation: You are significantly more attuned to the
                  | shadows. [demonic ancestry]
 27502 | Lair:4   | Reached XP level 13. HP: 100/100 MP: 7/28
 27896 | Lair:4   | Found a runed translucent door.
 28669 | Lair:5   | Reached skill level 14 in Necromancy
 29586 | Lair:5   | Got a dazzling chain mail
 30995 | Lair:6   | Entered Level 6 of the Lair of Beasts
 32034 | Lair:6   | Found a runed translucent door.
 32034 | Lair:6   | Noticed bmj180's ghost (journeyman DrFE)
 32467 | Lair:6   | Found a staircase to the Slime Pits.
 32751 | Lair:6   | Reached ****** piety under Kikubaaqudgha
 32963 | Lair:6   | Reached skill level 15 in Necromancy
 33056 | Lair:6   | Received a gift from Kikubaaqudgha
 33412 | Lair:6   | Learned a level 8 spell: Infestation
 33893 | Lair:6   | Found a large runed translucent door.
 33895 | Lair:6   | Found a large runed translucent door.
 33967 | Lair:6   | Noticed a fire dragon
 33982 | Lair:6   | Killed a fire dragon
 33982 | Lair:6   | Gained mutation: When hurt, damage is shared between your
                  | health and your magic reserves. [demonic ancestry]
 33982 | Lair:6   | Reached XP level 14. HP: 83/109 MP: 12/30
 35080 | D:12     | Reached skill level 10 in Fighting
 35904 | D:12     | Found a staircase to the Orcish Mines.
 36140 | D:12     | Found a runed translucent door.
 36561 | D:12     | Noticed a storm dragon
 36572 | D:12     | Killed a storm dragon
 36845 | Orc:1    | Entered Level 1 of the Orcish Mines
 36887 | Orc:1    | Noticed Josephine
 36891 | Orc:1    | Killed Josephine
 37750 | Orc:1    | Noticed an orc warlord
 37754 | Orc:1    | Killed an orc warlord
 37754 | Orc:1    | Reached skill level 16 in Necromancy
 37843 | Orc:1    | Got an ancient chain mail
 37844 | Orc:1    | Identified the +6 chain mail of the Albatross {Dex+2 SInv
                  | Stlth+} (You found it on level 1 of the Orcish Mines)
 37923 | Orc:2    | Entered Level 2 of the Orcish Mines
 37923 | Orc:2    | Found a staircase to the Elven Halls.
 39666 | Orc:2    | Noticed an orc warlord
 39672 | Orc:2    | Killed an orc warlord
 40494 | Orc:2    | Found Edoocisu's Antique Armour Emporium.
 40619 | Orc:2    | Found a roughly hewn altar of Beogh.
 40643 | Orc:2    | Found a roughly hewn altar of Beogh.
 40770 | Orc:2    | Found a roughly hewn altar of Beogh.
 40772 | Orc:2    | Found Puffases's Distillery.
 40778 | Orc:2    | Bought 2 potions of haste for 240 gold pieces
 40778 | Orc:2    | Bought a potion of heal wounds for 60 gold pieces
 40778 | Orc:2    | Bought a potion of cancellation for 96 gold pieces
 40778 | Orc:2    | Bought a potion of brilliance for 48 gold pieces
 40778 | Orc:2    | Bought a potion of experience for 600 gold pieces
 40778 | Orc:2    | Gained mutation: You have a pair of horns on your head.
                  | [demonic ancestry]
 40778 | Orc:2    | Reached XP level 15. HP: 119/119 MP: 32/32
 40803 | Orc:2    | Found Geshul's Antique Weapon Boutique.
 40804 | Orc:2    | Found a roughly hewn altar of Beogh.
 40804 | Orc:2    | Found Ruenutenn's Antique Armour Shop.
 40839 | Orc:2    | Bought a pair of embroidered gloves for 300 gold pieces
 41044 | Orc:1    | Found a roughly hewn altar of Beogh.
 42189 | D:13     | Reached skill level 17 in Necromancy
 43207 | D:13     | Gained mutation: You have a pair of large horns on your
                  | head. [demonic ancestry]
 43207 | D:13     | Reached XP level 16. HP: 52/126 MP: 1/33
 43484 | D:13     | Found a gate to the Vaults.
 43920 | D:13     | Learned a level 7 spell: Haunt
 44956 | D:14     | Reached skill level 1 in Summonings
 45332 | D:15     | Entered Level 15 of the Dungeon
 46281 | D:15     | Reached skill level 5 in Ice Magic
 46651 | D:15     | Found a staircase to the Depths.
 47619 | Spider:1 | Entered Level 1 of the Spider Nest
 48389 | Lair:4   | Found a hole to the Spider Nest.
 49311 | Spider:1 | Reached skill level 18 in Necromancy
 49357 | Spider:1 | Noticed Asterion
 49387 | Spider:1 | Killed Asterion
 51068 | Spider:2 | Noticed Nikola
 51075 | Spider:2 | Killed Nikola
 52056 | Spider:2 | Identified Roxanne's Handbook of Earth
 52056 | Spider:2 | Noticed Roxanne
 52122 | Spider:2 | Killed Roxanne
 52222 | Spider:2 | Found a runed translucent door.
 52244 | Spider:3 | Noticed Jorgrun
 52249 | Spider:3 | Killed Jorgrun
 52249 | Spider:3 | Reached skill level 5 in Summonings
 52485 | Spider:3 | Noticed Donald
 52489 | Spider:3 | Killed Donald
 52999 | Spider:3 | Reached XP level 17. HP: 135/135 MP: 24/35
 54681 | Spider:4 | Entered Level 4 of the Spider Nest
 54681 | Spider:4 | Noticed Arachne
 54978 | Spider:3 | HP: 2/135 [emperor scorpion (23)]
 56360 | Spider:3 | Reached skill level 19 in Necromancy
 57851 | Spider:3 | HP: 6/135 [spark wasp (6)]
 58204 | Spider:4 | Killed Arachne
 60750 | Swamp:1  | Entered Level 1 of the Swamp
 61965 | Swamp:1  | Reached skill level 15 in Spellcasting
 62455 | Swamp:1  | Reached skill level 5 in Dodging
 64928 | Swamp:2  | Got a bone scimitar
 64929 | Swamp:2  | Identified the +6 scimitar "Impbane" {drain, rPois Str+2}
                  | (You found it on level 2 of the Swamp)
 66158 | Spider:4 | Learned a level 6 spell: Death Channel
 68834 | Spider:4 | Reached skill level 20 in Necromancy
 69384 | Spider:4 | Reached XP level 18. HP: 71/144 MP: 1/37
 69792 | Spider:4 | Reached skill level 1 in Polearms
 69846 | Spider:4 | Got a gossamer rune of Zot
 70189 | Swamp:3  | Noticed Louise
 70341 | Swamp:3  | Reached skill level 5 in Shields
 70675 | Swamp:3  | Killed Louise
 71561 | Swamp:4  | Entered Level 4 of the Swamp
 72944 | Swamp:4  | Noticed the 27-headed Lernaean hydra
 72973 | Swamp:4  | Killed the 27-headed Lernaean hydra
 73793 | Swamp:4  | Got a decaying rune of Zot
 74769 | Elf:1    | Entered Level 1 of the Elven Halls
 75726 | Elf:1    | Found Nuw Cuad's Distillery.
 75899 | Elf:1    | Bought a potion of heal wounds for 55 gold pieces
 75899 | Elf:1    | Bought a potion of haste for 110 gold pieces
 75899 | Elf:1    | Bought a potion of curing for 33 gold pieces
 75899 | Elf:1    | Bought a potion of curing for 33 gold pieces
 75899 | Elf:1    | Bought a potion of curing for 33 gold pieces
 75899 | Elf:1    | Bought a potion of curing for 33 gold pieces
 75899 | Elf:1    | Bought a potion of curing for 33 gold pieces
 75907 | Elf:1    | Found Bawupef's Weapon Boutique.
 75913 | Elf:1    | Found Romoh's Jewellery Shop.
 76397 | Elf:1    | Identified the Volume of the Entourage
 77951 | Elf:2    | Reached skill level 5 in Polearms
 78164 | Elf:2    | Found Hysism's Gadget Shoppe.
 78171 | Elf:2    | Noticed Agnes
 78180 | Elf:2    | Killed Agnes
 79146 | Elf:2    | Found a runed translucent gate.
 79146 | Elf:2    | Found a runed translucent gate.
 79146 | Elf:2    | Found a runed translucent gate.
 79355 | Elf:3    | Entered Level 3 of the Elven Halls
 79379 | Elf:3    | Found an ancient bone altar of Kikubaaqudgha.
 79433 | Elf:3    | Found Baod's Assorted Antiques.
 79634 | Elf:3    | Got a tiger eye-encrusted ring mail
 81000 | Elf:3    | Gained mutation: You regenerate magic rapidly. [demonic
                  | ancestry]
 81000 | Elf:3    | Reached XP level 19. HP: 123/152 MP: 9/38
 81006 | Elf:3    | Identified the ring "Oroph" {Ice Str+4}
 81417 | Elf:3    | Identified the +6 flail of Massacring {freeze, *Contam
                  | Str-2 Int+8 SInv}
 81417 | Elf:3    | Identified the +0 leather armour of Hadjma {*Contam rElec
                  | Str+4}
 81527 | Elf:3    | Identified the +3 mace "Bigyrcheb" {crush, Stlth+}
 81534 | Elf:3    | Identified the +5 demon trident of Contention {pierce,
                  | -Tele MR+ Str+2 Dex+3}
 81576 | Elf:3    | Identified the +2 ring mail "Pygitubru" {Str+4} (You found
                  | it on level 3 of the Elven Halls)
 81603 | Elf:3    | Identified the cursed +0 flail "Addytaagh" {flame, -Tele
                  | rF++ MR+ Dex-5}
 82179 | Elf:3    | Identified the +6 spear of Gallantry {pierce, rC+}
 83065 | Elf:3    | Noticed a Brimstone Fiend
 83065 | Elf:3    | Reached skill level 21 in Necromancy
 83177 | Elf:3    | Identified Pitucs's Disquisition on Weightlessness
 83240 | Elf:3    | Got a clouded lead amulet
 83241 | Elf:3    | Identified the amulet of Reosu {Inacc -Tele rElec rPois}
                  | (You found it on level 3 of the Elven Halls)
 83574 | Elf:3    | Found an ancient bone altar of Kikubaaqudgha.
 83610 | Elf:3    | Found Baod's Assorted Antiques.
 84158 | Vaults:1 | Entered Level 1 of the Vaults
 84442 | Elf:1    | Bought the ring of Ywoirups {rPois rF+ rC+ Dex+4 Stlth-}
                  | for 657 gold pieces
 84723 | Vaults:1 | Learned a level 5 spell: Dispel Undead
 87769 | Vaults:2 | Found a staircase to the Crypt.
 90017 | Vaults:2 | Found a gateway to a bazaar.
 90035 | Vaults:2 | Gained mutation: You are mostly covered in slimy green
                  | scales. (AC +3) [demonic ancestry]
 90035 | Vaults:2 | Reached XP level 20. HP: 137/160 MP: 32/40
 90106 | Vaults:2 | Found a gateway to a bazaar.
 90437 | Vaults:2 | Found a staircase to the Crypt.
 91287 | Vaults:3 | Paralysed by a sphinx for 5 turns
 91561 | Vaults:3 | Found Huwuti's Assorted Antiques.
 91612 | Vaults:3 | Bought a scroll labeled DACUIQ JIRIRA for 37 gold pieces
 91617 | Vaults:3 | Got a pair of dazzling gloves
 91618 | Vaults:3 | Identified the -7 pair of gloves "Neithrune" {rPois MR+++
                  | Str-5} (You acquired it on level 3 of the Vaults)
 92232 | Vaults:3 | Reached skill level 10 in Shields
 94222 | Vaults:4 | Noticed Mara
 94232 | Vaults:4 | Killed Mara
 95285 | Vaults:4 | Reached skill level 15 in Fighting
 95366 | Vaults:4 | Reached skill level 22 in Necromancy
 96131 | Vaults:4 | Found Offon's Antique Armour Shoppe.
 96336 | Bazaar   | Entered a bazaar
 96338 | Bazaar   | Found Nipsaschai's Antique Weapon Boutique.
 96342 | Bazaar   | Found Mupoe's Book Boutique.
 96343 | Bazaar   | Found Puhan's General Store.
 96344 | Bazaar   | Found Laegiuwa's Gadget Boutique.
 96642 | Depths:1 | Entered Level 1 of the Depths
 96667 | Depths:1 | Reached skill level 10 in Polearms
 96790 | Depths:1 | Found a gateway to Hell.
 97227 | Depths:1 | Noticed a golden dragon
 97239 | Depths:1 | Killed a golden dragon
 97298 | Depths:1 | Gained mutation: You are robust. (+10% HP) [demonic
                  | ancestry]
 97298 | Depths:1 | Reached XP level 21. HP: 159/184 MP: 10/41
 97637 | Depths:1 | Found a one-way gate leading to the halls of Pandemonium.
 99255 | Depths:2 | Found a runed translucent door.
 99346 | Depths:2 | Found a burning altar of Makhleb.
 99358 | Depths:2 | Identified the Incunabulum of Cold and Displacement
 99360 | Depths:2 | Identified Sif Muna's Compendium of Dislocation and Cold
100338 | Depths:3 | Got a warped ring mail
100339 | Depths:3 | Identified the +2 ring mail of Ennui {+Fly} (You found it
                  | on level 3 of the Depths)
101179 | Depths:3 | Found a gateway to a ziggurat.
101550 | Depths:3 | Found a one-way gate to the infinite horrors of the Abyss.
102472 | Depths:3 | Got a pair of steaming boots
102538 | Depths:3 | Noticed a golden dragon
102543 | Depths:3 | Killed a golden dragon
102693 | Depths:3 | Identified the +0 pair of boots "Kafuohee" {rC+ Int+5 Dex-5
                  | SInv} (You found it on level 3 of the Depths)
102945 | Depths:3 | Reached skill level 10 in Dodging
103062 | Depths:3 | Noticed a golden dragon
103081 | Depths:3 | Killed a golden dragon
104635 | Depths:3 | Found a gateway to a ziggurat.
105049 | Depths:3 | Gained mutation: When low on magic, you restore magic in
                  | place of health. [demonic ancestry]
105049 | Depths:3 | Reached XP level 22. HP: 191/194 MP: 27/43
106103 | Depths:4 | Reached skill level 23 in Necromancy
106433 | Depths:4 | Noticed the Enchantress
106698 | Depths:4 | Found a runed translucent door.
106836 | Depths:4 | Killed the Enchantress
108069 | Depths:5 | Entered Level 5 of the Depths
108591 | Depths:5 | Paralysed by a great orb of eyes for 6 turns
108910 | Depths:5 | Reached skill level 10 in Conjurations
109105 | Depths:5 | Found a gate to the Realm of Zot.
110925 | Vaults:5 | Entered Level 5 of the Vaults
111459 | Vaults:5 | HP: 2/195 [yaktaur captain/bolt (17)]
111460 | Vaults:5 | Shot with a bolt by a yaktaur captain

Levels and vault maps discovered:
D:1:      lightli_iron_boxes, layout_rooms
D:2:      layout_rooms, first_ration, uniq_terence, uniq_sigmund
D:3:      layout_rooms
D:4:      layout_loops_ring, uniq_crazy_yiuf_cottage, uniq_robin, uniq_natasha
D:5:      layout_gridville, minmay_temple_entry_mist, fedhas_altar_1
D:6:      layout_cave_pools, nicolae_ru_great_annihilating_truth
D:7:      layout_loops_ring, basic_altar, st_stairs_12, uniq_joseph
D:8:      layout_cave_pools, gammafunk_temple_overflow_wave, serial_gnoll_camp,
          gnoll_camp_mini_shop, gnoll_camp_huts_basic, gnoll_camp_mini_shop,
          gnoll_camp_mini_doghouse, gnoll_camp_mini_house
D:9:      layout_basic, dpeg_oklobed_lair, hangedman_ranch
          [blue_anna_fruit_fields]
D:10:     layout_stronghold, chequers_big_river
D:11:     layout_loops_cross
D:12:     layout_long_grid, erik_orc_1, lightli_airlock
D:13:     layout_loops_corners, grunt_vaults_entry_fortified,
          kennysheep_cross_bottleneck
D:14:     layout_loops_ring, minmay_misc_feat_iff, kb_tengu_band
D:15:     grunt_enter_depths_hoard, layout_irregular_city,
          hangedman_decor_clover_reticule, minivault_16
Temple:   regret_index_temple_chain_breaker
Lair:1:   layout_cave_pods, serial_bayou_ford_a, uniq_sonja, uniq_gastronok
Lair:2:   layout_cave_pods, beast_lair_carwin_6
Lair:3:   layout_loops_ring, nicolae_swamp_entry_splash_gauntlet,
          nicolae_quartered_pool_super
Lair:4:   gammafunk_lair_enchanted_lake, layout_misc_corridors,
          spider_nest_entry_web_field
Lair:5:   layout_gridlike, serial_forest, infiniplex_forest_lined_room_3,
          infiniplex_forest_clump_medium, infiniplex_forest_corner_1,
          infiniplex_forest_diagonal, infiniplex_forest_straight_2,
          infiniplex_forest_lined_3_way, chequers_serial_rivers_micro_a,
          beast_lair_carwin_5
Lair:6:   cheibrodos_lair_end_hotspot, layout_gridlike,
          minmay_slime_entry_pillars, ebering_ghost_inner_flame
Swamp:1:  layout_basic_swamp, evilmike_swamp_ruin_house_5
Swamp:2:  layout_basic_swamp, hangedman_swamp_ruin_hall, swamp_pool1,
          worms_lemuel
Swamp:3:  layout_basic_swamp, infiniplex_staircase_pool, uniq_louise
Swamp:4:  swamp_old_school, layout_basic_swamp, swamp_pool2
Spider:1: layout_spider_delve, uniq_asterion
Spider:2: cheibrodos_spider_deadly_dance, uniq_roxanne, uniq_nikola
Spider:3: layout_chambers, uniq_donald, uniq_jorgrun
Spider:4: spider_rune_water, nicolae_spider_circle_web, uniq_arachne
Orc:1:    layout_caves, basic_altar, elf_legates, uniq_josephine
Orc:2:    grunt_orc_community_town_hall, layout_diamond_mine,
          grunt_orc_community_big_house_1, grunt_orc_community_big_house_2,
          grunt_orc_community_house_2, grunt_orc_community_house_1,
          grunt_orc_community_house_1, grunt_orc_community_house_1,
          grunt_orc_community_house_1, serial_shops, shop
Elf:1:    elf_arrival_001, layout_gridlike, serial_shops,
          nicolae_shop_waterfront, minmay_elf_demonology, abandoned_shop,
          minivault_28, minmay_shoptagon
Elf:2:    layout_geoelf_grid, serial_shops, nicolae_shop_behind_doors,
          uniq_agnes
Elf:3:    grunt_elf_hall_asides, layout_loops_cross, serial_shops,
          nicolae_shop_competitors_out_of_business, basic_altar,
          minmay_curled_crystal
Vaults:1: hangedman_vaults_stitches, vaults_room_pools,
          ontoclasm_vaults_claustrophobia, vaults_dpeg_ring,
          ontoclasm_vaults_decontamination, v_misc_23,
          nicolae_vaults_puzzle_piece, grunt_vaults_focal, v_misc_19,
          ontoclasm_vaults_hangar, st_more_cells, vaults_mumra_hexcomb,
          layout_vaults_big_cross
Vaults:2: nicolae_vaults_theta, nicolae_vaults_what_the_h,
          minmay_crypt_entry_simple_sparse, nicolae_vaults_rhombus_6,
          hangedman_vaults_corner_blocks, ontoclasm_vaults_fault,
          v_alt_pattern_5, ontoclasm_vaults_gateway, nicolae_vaults_rhombus_6,
          hangedman_vaults_stretched_pinwheel, ontoclasm_vaults_shout,
          grunt_vaults_twisty, layout_vaults_omnigrid, serial_shops,
          bzr_entry_road
Vaults:3: hangedman_vaults_nails, dpeg_vaults_monster_row,
          nicolae_vaults_little_squares_4, vaults_mumra_lcd,
          vaults_mumra_minichess_inversion, vaults_mumra_minichess,
          nicolae_vaults_network_star, grunt_vaults_hallway_long,
          grunt_vaults_bifocal, vaults_room_hallway, v_misc_26,
          layout_vaults_omnibox, serial_shops, shop
Vaults:4: v_misc_23, vaults_dpeg_encased_lava, nicolae_vaults_rhombus_6,
          serial_ice_m, hangedman_vaults_corner_blocks, hangedman_vaults_cutoff,
          v_rooms_1, nicolae_vaults_little_squares_1,
          nicolae_vaults_display_case, nicolae_vaults_mini_display_case,
          layout_vaults_ring, serial_shops, shop, uniq_mara
Vaults:5: uniq_mennas
Depths:1: layout_twisted_cross, rand_demon_pan_entry_7, hell_entry,
          minmay_pinched_square, grunt_megastairs_4, firewood_loft
Depths:2: evilmike_makhleb_hellhole, layout_gridlike,
          pf_vacation_house_of_asmodeus, minmay_misc_feat_cross,
          infiniplex_staircase_diamond, serial_bayou_shore_b
Depths:3: minmay_the_grid_octo_tiled_octocenter [minmay_the_grid_octo_teeth,
          minmay_the_grid_octo_toaster, minmay_the_grid_octo_fat_diamond,
          minmay_the_grid_octo_fan_narrow,
          minmay_the_grid_octo_prize_single_spiral,
          minmay_the_grid_square_5x5_comb, minmay_the_grid_square_5x5_percent,
          minmay_the_grid_square_5x5_two, minmay_the_grid_square_5x5_v],
          layout_gridlike, enter_ziggurat_f, minmay_room_of_horrors,
          dk_noncrumbling_2, hell_entry, pan_entry,
          infiniplex_staircase_zigzag_5
Depths:4: minmay_slanted_spiral_squares, layout_cave_pools, hell_entry,
          serial_bayou_pond_b, abyss_entry, lightli_giant_bouncers,
          uniq_enchantress
Depths:5: grunt_zot_entry_tricorne, layout_gridlike, hell_entry, moated_statue

Skill      XL: |  1  2  3  4  5  6  7  8  9 10 11 12 13 14 15 16 17 18 19 20 21 22 |
---------------+-------------------------------------------------------------------+-----
Fighting       | 1 2 3 4 6 7 8 9 11 12 13 14 15 16 | 16.2
Necromancy     | 5 6 7 9 10 11 12 13 15 16 17 18 20 21 22 23 | 23.5
Spellcasting   | 3 4 5 6 8 9 10 11 12 13 14 15 16 17 | 17.8
Shields        | 1 2 4 7 9 10 | 10.8
Conjurations   | 1 5 7 8 9 10 | 10.0
Earth Magic    | 1 4 5 |  5.0
Ice Magic      | 2 3 4 5 |  5.0
Summonings     | 5 |  5.0
Dodging        | 2 5 7 8 9 10 | 10.8
Polearms       | 5 8 10 11 13 | 13.0
Stealth        | |  1.7

Action                   |  1- 3 |  4- 6 |  7- 9 | 10-12 | 13-15 | 16-18 | 19-21 | 22-24 || total
-------------------------+-------+-------+-------+-------+-------+-------+-------+-------++-------
Melee: Unarmed           |    27 |    96 |       |       |       |       |       |       ||   123
       Headbutt          |     1 |    18 |    55 |    41 |    11 |    41 |   168 |    59 ||   394
       Dagger            |       |    56 |   366 |   218 |       |       |       |       ||   640
       Flail             |       |       |    13 |       |       |       |       |       ||    13
       War axe           |       |       |       |    51 |    39 |       |       |       ||    90
       Staff             |       |       |       |       |    30 |    55 |    22 |       ||   107
       Demon trident     |       |       |       |       |       |   343 |  1085 |   435 ||  1863
 Fire: Hunting sling     |       |       |    53 |     7 |       |       |       |       ||    60
Throw: Throwing net      |       |       |     5 |       |       |       |       |       ||     5
 Cast: Pain              |    64 |   119 |   281 |    50 |       |       |       |       ||   514
       Animate Skeleton  |     8 |       |       |       |       |       |       |       ||     8
       Animate Dead      |       |    13 |    28 |    18 |     1 |       |       |       ||    60
       Vampiric Draining |       |     2 |    22 |    23 |       |       |       |       ||    47
       Regeneration      |       |       |     5 |     5 |    23 |    31 |    16 |     6 ||    86
       Bolt of Draining  |       |       |       |   153 |   337 |   364 |   163 |    28 ||  1045
       Borgnjor's Vile C |       |       |       |    24 |    83 |   173 |   165 |    39 ||   484
       Sublimation of Bl |       |       |       |     2 |    55 |    75 |    10 |     2 ||   144
       Simulacrum        |       |       |       |     1 |    25 |    15 |       |       ||    41
       Infestation       |       |       |       |       |     5 |   150 |    84 |    24 ||   263
       Haunt             |       |       |       |       |       |    13 |    12 |     3 ||    28
       Death Channel     |       |       |       |       |       |     2 |    23 |    16 ||    41
       Dispel Undead     |       |       |       |       |       |       |    26 |    13 ||    39
Invok: Receive Corpses   |       |       |       |       |     3 |     7 |       |       ||    10
       Receive Necronomi |       |       |       |       |     1 |       |       |       ||     1
Evoke: Wand              |       |       |     1 |     3 |     4 |    26 |    12 |       ||    46
  Use: Scroll            |       |     8 |     9 |    11 |     6 |    17 |    27 |     8 ||    86
       Potion            |       |       |       |       |     2 |    28 |     9 |     6 ||    45
 Stab: Distracted        |       |       |     1 |     1 |       |     2 |    21 |     6 ||    31
       Confused          |       |       |     1 |       |       |       |       |       ||     1
       Sleeping          |       |       |     2 |     5 |     2 |     3 |    20 |     3 ||    35
  Eat: Chunk             |    14 |    15 |    29 |    65 |    95 |   151 |   130 |    29 ||   528
       Ration            |       |       |     1 |       |       |    22 |       |       ||    23
Armor: Robe              |    11 |    52 |   126 |       |       |       |       |       ||   189
       Leather armour    |       |       |     5 |   119 |    95 |   334 |   183 |    66 ||   802
       Skin              |       |       |       |       |       |    10 |       |       ||    10
Dodge: Dodged            |    43 |   100 |   379 |   185 |   154 |   456 |   476 |   161 ||  1954
Block: Buckler           |       |       |   111 |    81 |    60 |   184 |   250 |   130 ||   816

Table legend:
 A = Non-vault XP
 B = Vault XP
 C = Vault XP percentage of total XP
 D = Non-vault monster count
 E = Vault monster count
 F = Vault count percentage of total count
                 A         B        C        D         E       F
            +---------+---------+-------+---------+---------+-------
      Total |  433585 |  355381 |  45.0 |    1375 |     648 |  32.0
            +---------+---------+-------+---------+---------+-------
        D:1 |      34 |       0 |   0.0 |      25 |       0 |   0.0
        D:2 |     105 |     244 |  69.9 |      17 |       2 |  10.5
        D:3 |      68 |       0 |   0.0 |      24 |       0 |   0.0
        D:4 |     163 |     111 |  40.5 |      10 |      14 |  58.3
        D:5 |     562 |       0 |   0.0 |      13 |       0 |   0.0
        D:6 |    1116 |      38 |   3.3 |      32 |       4 |  11.1
        D:7 |    1081 |     810 |  42.8 |      21 |      12 |  36.4
        D:8 |     537 |     568 |  51.4 |      16 |      22 |  57.9
        D:9 |    2115 |    1825 |  46.3 |      26 |       8 |  23.5
       D:10 |    1696 |       0 |   0.0 |      21 |       0 |   0.0
       D:11 |    2851 |       0 |   0.0 |      23 |       0 |   0.0
       D:12 |    4206 |    5300 |  55.8 |      28 |      28 |  50.0
       D:13 |    8073 |    7083 |  46.7 |      34 |      10 |  22.7
       D:14 |    5574 |    1058 |  16.0 |      39 |       2 |   4.9
       D:15 |   12344 |    1551 |  11.2 |      46 |       3 |   6.1
     Lair:1 |    4689 |    3000 |  39.0 |      24 |       2 |   7.7
     Lair:2 |    3278 |    1164 |  26.2 |      14 |       6 |  30.0
     Lair:3 |   10163 |    1051 |   9.4 |      38 |       6 |  13.6
     Lair:4 |    8902 |    1659 |  15.7 |      37 |       4 |   9.8
     Lair:5 |    5000 |    1651 |  24.8 |      22 |       6 |  21.4
     Lair:6 |    7977 |    6898 |  46.4 |      30 |      29 |  49.2
    Swamp:1 |   16060 |       0 |   0.0 |      40 |       0 |   0.0
    Swamp:2 |   10341 |    1565 |  13.1 |      39 |       8 |  17.0
    Swamp:3 |    4436 |     948 |  17.6 |      22 |       1 |   4.3
    Swamp:4 |    9923 |   12882 |  56.5 |      29 |      22 |  43.1
   Spider:1 |    9777 |    1426 |  12.7 |      36 |       1 |   2.7
   Spider:2 |   13219 |    4533 |  25.5 |      50 |       2 |   3.8
   Spider:3 |   19648 |    7543 |  27.7 |      58 |       5 |   7.9
   Spider:4 |    9596 |   20468 |  68.1 |      49 |      45 |  47.9
      Orc:1 |    1384 |    8902 |  86.5 |      21 |      39 |  65.0
      Orc:2 |    1468 |    5662 |  79.4 |      26 |      49 |  65.3
      Elf:1 |   20871 |    9067 |  30.3 |      41 |      22 |  34.9
      Elf:2 |   12561 |    3779 |  23.1 |      24 |       3 |  11.1
      Elf:3 |    7052 |   30427 |  81.2 |      15 |      23 |  60.5
   Vaults:1 |   21869 |    8563 |  28.1 |      37 |      13 |  26.0
   Vaults:2 |   24344 |   16375 |  40.2 |      57 |      28 |  32.9
   Vaults:3 |   14887 |   25724 |  63.3 |      47 |      32 |  40.5
   Vaults:4 |   18694 |   16138 |  46.3 |      36 |      23 |  39.0
   Vaults:5 |    5742 |   30802 |  84.3 |      13 |      36 |  73.5
   Depths:1 |   29433 |   13641 |  31.7 |      51 |      21 |  29.2
   Depths:2 |   13615 |   12654 |  48.2 |      19 |      26 |  57.8
   Depths:3 |   34108 |   47956 |  58.4 |      44 |      47 |  51.6
   Depths:4 |   23050 |   28876 |  55.6 |      37 |      29 |  43.9
   Depths:5 |   30973 |   13439 |  30.3 |      44 |      15 |  25.4
            +---------+---------+-------+---------+---------+-------
